 Dungeon Crawl Stone Soup version 0.26-a0-651-gb41185065b (webtiles) character file.

Game seed: 1976450195754871587

58312 Flugslaktarn the Cleaver (level 14, 38/139 HPs)
             Began as a Deep Dwarf Fighter on Oct 12, 2020.
             Was a High Priest of Makhleb.
             Quit the game on level 15 of the Dungeon.
             The game lasted 00:09:32 (11282 turns).

Flugslaktarn the Cleaver (Deep Dwarf Fighter)      Turns: 11282, Time: 00:09:33

Health: 38/139     AC: 25    Str: 20    XL:     14   Next: 49%
Magic:  0/0        EV: 10    Int: 11    God:    Makhleb [*****.]
Gold:   1268       SH: 15    Dex: 15    Spells: 13/13 levels left

rFire    . . .     SeeInvis .   J - +2 broad axe
rCold    . . .     Faith    .   L - +0 tower shield
rNeg     + . .     Spirit   .   s - +0 plate armour
rPois    .         Reflect  .   f - +2 helmet
rElec    .         Harm     .   (no cloak)
rCorr    .         Rampage  .   (no gloves)
MR       ++...                  a - +2 pair of boots
Stlth    ..........             (no amulet)
HPRegen  0.00/turn              p - +4 ring of protection
MPRegen  0.07/turn              v - +4 ring of evasion

@: non-regenerating, lightly drained
A: damage resistance, heal wounds, negative energy resistance 1, sense
surroundings 2, no regeneration
a: Heal Wounds, Minor Destruction, Lesser Servant of Makhleb, Major Destruction,
Greater Servant of Makhleb, Renounce Religion


You were on level 15 of the Dungeon.
You worshipped Makhleb.
Makhleb was extremely pleased with you.
You visited 2 branches of the dungeon, and saw 16 of its levels.

You collected 1356 gold pieces.
You spent 88 gold pieces at shops.

Inventory:

Hand Weapons
 J - a +2 broad axe (weapon)
   (You took it off an orc warrior on level 10 of the Dungeon)
Armour
 a - a +2 pair of boots (worn)
   (You found it on level 10 of the Dungeon)
 f - a +2 helmet (worn)
   (You found it on level 1 of the Dungeon)
 s - a +0 plate armour (worn)
   (You found it on level 6 of the Dungeon)
 L - a +0 tower shield (worn)
   (You found it on level 2 of the Dungeon)
Jewellery
 c - an uncursed ring of protection from cold
   (You found it on level 7 of the Dungeon)
 j - a +6 ring of strength
   (You found it on level 11 of the Dungeon)
 p - a +4 ring of protection (left hand)
   (You found it on level 7 of the Dungeon)
 v - a +4 ring of evasion (right hand)
   (You took it off a crimson imp on level 13 of the Dungeon)
Wands
 g - a wand of iceblast (6)
   (You found it on level 5 of the Dungeon)
 C - a wand of enslavement (16)
   (You found it on level 7 of the Dungeon)
Scrolls
 b - a scroll of fog
 l - 5 scrolls of magic mapping
 r - 2 scrolls of identify
 t - 14 scrolls of teleportation
 x - 13 scrolls of remove curse
 z - 3 scrolls of blinking
 F - 3 scrolls of enchant armour
Potions
 e - 3 potions of mutation
 h - 4 potions of haste
 k - 5 potions of flight
 m - 2 potions of magic {unknown}
 n - a potion of resistance
 q - 3 potions of curing
 w - 3 potions of heal wounds
 A - 2 potions of berserk rage {unknown}
 D - 2 potions of lignification {unknown}
 I - 8 potions of ambrosia


   Skills:
 * Level 12.8(12.4) Fighting
 * Level 14.7(14.4) Axes
 + Level 11.2(10.8) Armour
 - Level 6.0(5.7) Dodging
 - Level 6.6(6.4) Shields
 + Level 11.5(11.2) Invocations
 - Level 10.0(9.6) Evocations


You had 13 spell levels left.
You didn't know any spells.
Your spell library was empty.

Dungeon Overview and Level Annotations

Branches:
Dungeon (15/15)            Temple (1/1) D:4            Lair (0/6) D:8
    Orc (0/2) D:9          Vaults (0/5) D:14
 Depths: D:15

Altars:
Ashenzari
Cheibriados
Dithmenos
Elyvilon
Fedhas
Gozag
Hepliaklqana
Kikubaaqudgha
Makhleb
Nemelex Xobeh
Okawaru
Qazlal
Ru
Trog
Uskayaw
Vehumet
Wu Jian
Xom
Yredelemnul
Zin
The Shining One

Shops:
D:4 !   D:8 }   D:12 [

Portals:
Trove: D:12 (give 5 scrolls of fog)

Annotations:
D:9 1 exclusion
D:12 2 runed translucent doors
D:15 Rupert


Innate Abilities, Weirdness & Mutations

You are resistant to damage.
You can heal yourself by infusing magical energy.
You resist negative energy. (rN+)
You passively map the area around you.
You do not regenerate.


Message History

Okay, then.
You slice the vampire mage!!
You destroy the vampire mage!
Makhleb accepts your kill.
You feel better.
The centaur warrior zombie disappears in a puff of smoke!
The wight disappears in a puff of smoke!
The flying skull disappears in a puff of smoke!
The freezing wraith disappears in a puff of smoke!
You see here a +0 robe.
Items here: ( ))) [.
Items here: ( )))) [.
Items here: (( ) ††.
A juggernaut zombie is nearby!
A juggernaut zombie is nearby!
A juggernaut zombie is nearby!
You are too injured to fight recklessly!
You are too injured to fight recklessly!
You see here a +0 robe.
Are you sure you want to abandon this character and quit the game? (Confirm with "yes".)

* , ≈ ≈ , ,* * , , ≈
#.......# , ≈ #.......#
* , #...:...# * * ,,
#.......# * , ,,, , *
#.......# * ........
###.......# #######* **
..J..... ..........#
#..@..#,,,, ........
..))......####.###.#,
........
.##(........[..#.).# ,
........
*#.#####..#####.#####.#
........ *#)# #))#
#.......# ........ #.#
#)(# #.#####.# .......(
#.#* *#..# #...#
,.....J.( * ≈≈≈ ≈≈#..#
#####.# **,......y. ...
#..# #.....# ,
.#######)


There were no monsters in sight!

Vanquished Creatures
  Frances (D:14)
  Nessos (D:14)
  Snorg (D:14)
  A hydra (D:15)
  A vault guard (D:12)
  Erica (D:9)
  6 centaur warriors
  3 two-headed ogres
  A vampire mage (D:15)
  8 skeletal warriors
  A wizard (D:14)
  2 unseen horrors
  2 orc knights
  An orc sorcerer (D:15)
  A deep elf mage (D:12)
  A mana viper (shapeshifter) (D:14)
  3 manticores
  A cyclops (D:15)
  18 ugly things
  4 centaur zombies
  A guardian serpent (D:15)
  9 centaur skeletons
  3 gargoyles
  3 efreet
  A kobold demonologist (D:14)
  A redback zombie (D:14)
  4 yaktaurs (D:15)
  5 trolls
  A queen bee (D:9)
  A meliai (shapeshifter) (D:15)
  A harpy skeleton (D:14)
  A hornet (D:11)
  5 slime creatures (D:15)
  6 hippogriffs
  4 flying skulls (D:13)
  2 wyverns
  4 shadows
  4 wraiths
  21 yaks
  3 basilisks
  A steam dragon (D:10)
  A warg (D:15)
  Menkaure (D:6)
  A naga (shapeshifter) (D:13)
  A vampire mosquito (D:15)
  2 water moccasins
  2 acid dragons
  An ice beast (D:11)
  3 eyes of draining
  10 orc warriors
  A sky beast (D:6)
  13 ogres
  A tengu (shapeshifter) (D:12)
  3 phantoms
  2 necrophages
  10 centaurs
  4 big kobolds (D:14)
  9 bullfrogs
  A wyvern zombie (D:13)
  2 wyvern skeletons (D:14)
  A scorpion (D:8)
  18 wights
  25 killer bees (D:9)
  2 howler monkeys (D:7)
  8 crimson imps (D:13)
  7 orc priests
  6 hounds
  3 jellies
  5 bullfrog skeletons
  2 gnoll shamans (D:6)
  14 orc wizards
  6 iguanas
  9 worker ants
  5 hound skeletons
  A howler monkey zombie (D:5)
  2 worker ant zombies
  14 gnolls
  9 adders
  4 white imps
  2 oozes (D:4)
  2 worms
  A dart slug (D:2)
  9 leopard geckos
  47 orcs
  5 bats
  5 giant cockroaches
  2 goblins (D:1)
  10 hobgoblins
  11 jackals
  9 kobolds
  9 quokkas
  A ball python (D:7)
  5 frilled lizards
  A jackal skeleton (D:6)
467 creatures vanquished.

Vanquished Creatures (collateral kills)
  Josephine (D:13)
  A hydra (D:13)
  A skeletal warrior (D:13)
  5 ugly things
  3 centaur zombies
  4 centaur skeletons (D:13)
  A gargoyle (D:12)
  A harpy zombie (D:13)
  A vampire mosquito (D:15)
  An ice beast (D:12)
  A bullfrog (D:15)
  2 wights (D:13)
  A howler monkey (D:12)
  3 bullfrog skeletons (D:13)
  An orc priest (D:12)
  An iguana (D:12)
  An orc (D:12)
29 creatures vanquished.

Vanquished Creatures (others)
  A fungus (D:8)
  9 withered plants (D:15)
10 creatures vanquished.

Grand Total: 506 creatures vanquished

Notes
Turn   | Place    | Note
-------+----------+-------------------------------------------
     0 | D:1      | Flugslaktarn the Deep Dwarf Fighter began the quest for the
                  | Orb.
     0 | D:1      | Reached XP level 1. HP: 20/20 MP: 1/1
    94 | D:1      | Reached XP level 2. HP: 27/27 MP: 2/2
   523 | D:2      | Found an ornate altar of the Wu Jian Council.
   545 | D:2      | Reached XP level 3. HP: 27/34 MP: 3/3
   594 | D:2      | Found a blossoming altar of Fedhas.
   736 | D:2      | Reached skill level 3 in Axes
   742 | D:3      | Noticed an ogre
   762 | D:3      | Killed an ogre
   762 | D:3      | Reached XP level 4. HP: 18/43 MP: 3/3
   913 | D:3      | Reached XP level 5. HP: 43/49 MP: 3/3
  1223 | D:4      | Noticed a phantom
  1240 | D:4      | Reached skill level 4 in Axes
  1275 | D:4      | Killed a phantom
  1275 | D:4      | Reached XP level 6. HP: 30/57 MP: 4/4
  1391 | D:4      | Reached skill level 5 in Shields
  1444 | D:4      | Found Heifauhe's Distillery.
  1448 | D:4      | Bought a potion of mutation for 88 gold pieces
  1470 | D:4      | Found an opulent altar of Gozag.
  1765 | D:4      | Found a staircase to the Ecumenical Temple.
  1778 | Temple   | Entered the Ecumenical Temple
  2012 | D:5      | Entered Level 5 of the Dungeon
  2077 | D:5      | Found an iron altar of Okawaru.
  2146 | D:5      | Reached XP level 7. HP: 48/66 MP: 4/4
  2181 | D:5      | Reached skill level 5 in Axes
  2469 | D:6      | Noticed Menkaure
  2479 | D:6      | Killed Menkaure
  2505 | D:6      | Reached skill level 5 in Fighting
  2674 | D:6      | Reached skill level 5 in Armour
  2686 | D:6      | Reached XP level 8. HP: 34/74 MP: 5/5
  2735 | D:6      | Identified the cursed +1 short sword "Qabet" {pain, +Rage
                  | rPois}
  2756 | D:6      | Reached skill level 6 in Axes
  3054 | D:6      | Found a burning altar of Makhleb.
  3181 | D:6      | Became a worshipper of Makhleb the Destroyer
  3336 | D:7      | Noticed a hippogriff
  3354 | D:7      | Killed a hippogriff
  3354 | D:7      | Reached skill level 1 in Dodging
  3354 | D:7      | Reached skill level 1 in Invocations
  3354 | D:7      | Reached skill level 1 in Evocations
  3586 | D:7      | Reached skill level 7 in Axes
  3591 | D:7      | Gained mutation: You passively map the area around you.
                  | [Deep Dwarf growth]
  3591 | D:7      | Reached XP level 9. HP: 48/82 MP: 4/4
  3812 | D:7      | Reached * piety under Makhleb
  3872 | D:7      | Found a white marble altar of Elyvilon.
  4355 | D:8      | Reached skill level 8 in Axes
  4402 | D:8      | Found a staircase to the Lair.
  4467 | D:8      | Reached skill level 5 in Dodging
  4467 | D:8      | Reached XP level 10. HP: 40/94 MP: 7/7
  4965 | D:8      | Found Vomoexirryr's Gadget Shop.
  5115 | D:8      | Killed an unseen horror
  5137 | D:8      | Found a sacrificial altar of Ru.
  5679 | D:9      | Reached skill level 5 in Invocations
  5695 | D:9      | Reached ** piety under Makhleb
  5730 | D:9      | Reached skill level 9 in Axes
  5730 | D:9      | Reached skill level 5 in Evocations
  5965 | D:9      | Found a shimmering altar of Xom.
  5967 | D:9      | Found a shimmering altar of Xom.
  5967 | D:9      | Found an ornate altar of the Wu Jian Council.
  5972 | D:9      | Found a shimmering altar of Xom.
  5972 | D:9      | Found a snail-covered altar of Cheibriados.
  5972 | D:9      | Found a shimmering altar of Xom.
  6138 | D:9      | Noticed Erica
  6165 | D:9      | Killed Erica
  6165 | D:9      | Reached XP level 11. HP: 49/104 MP: 5/5
  6179 | D:9      | Found a staircase to the Orcish Mines.
  6309 | D:10     | Entered Level 10 of the Dungeon
  6348 | D:10     | Reached *** piety under Makhleb
  6451 | D:10     | Reached skill level 10 in Axes
  6655 | D:10     | You fall into a shaft and drop 1 floor!
  7097 | D:11     | Paralysed by a hornet for 2 turns
  7295 | D:11     | Noticed a brown ugly thing
  7312 | D:11     | Killed a brown ugly thing
  7402 | D:11     | Reached **** piety under Makhleb
  7859 | D:12     | Noticed a deep elf mage
  7864 | D:12     | Reached skill level 11 in Axes
  7884 | D:12     | Killed a deep elf mage
  7995 | D:12     | Noticed a cyan ugly thing
  8003 | D:12     | Killed a cyan ugly thing
  8082 | D:12     | Noticed a vault guard
  8100 | D:12     | Killed a vault guard
  8100 | D:12     | Reached XP level 12. HP: 107/116 MP: 7/7
  8104 | D:12     | Found a portal to a secret trove of treasure.
  8292 | D:12     | Noticed a two-headed ogre
  8304 | D:12     | Killed a two-headed ogre
  8313 | D:12     | Found a large runed translucent door.
  8314 | D:12     | Found a large runed translucent door.
  8329 | D:12     | Reached skill level 10 in Fighting
  8437 | D:12     | Found Moddot's Armour Shop.
  8606 | D:13     | Noticed a two-headed ogre
  8616 | D:13     | Killed a two-headed ogre
  8893 | D:13     | Noticed a centaur warrior
  8905 | D:13     | Killed a centaur warrior
  8926 | D:13     | Noticed a two-headed ogre
  8937 | D:13     | Killed a two-headed ogre
  8965 | D:13     | Noticed a centaur warrior
  8984 | D:13     | Killed a centaur warrior
  9023 | D:13     | Noticed an eight-headed hydra
  9037 | D:13     | Killed a 14-headed hydra
  9037 | D:13     | Reached skill level 12 in Axes
  9106 | D:13     | Noticed Josephine
  9134 | D:13     | Killed Josephine
  9624 | D:13     | Reached XP level 13. HP: 94/126 MP: 9/9
  9635 | D:13     | Reached ***** piety under Makhleb
  9763 | D:14     | Noticed a cacodemon
  9945 | D:14     | Reached skill level 13 in Axes
  9947 | D:14     | Reached skill level 10 in Armour
  9964 | D:14     | Reached skill level 10 in Evocations
  9991 | D:14     | Noticed Frances
  9993 | D:14     | Reached skill level 10 in Invocations
 10017 | D:14     | HP: 2/127 [Frances/+0 war axe of electrocution (11)]
 10052 | D:14     | Killed Frances
 10210 | D:14     | Found a gate to the Vaults.
 10430 | D:14     | Noticed Nessos
 10451 | D:14     | Killed Nessos
 10514 | D:14     | Noticed Snorg
 10537 | D:14     | Killed Snorg
 10564 | D:14     | Reached skill level 14 in Axes
 10564 | D:14     | Gained mutation: You resist negative energy. (rN+) [Deep
                  | Dwarf growth]
 10564 | D:14     | Reached XP level 14. HP: 88/138 MP: 4/4
 10720 | D:15     | Entered Level 15 of the Dungeon
 10721 | D:15     | Noticed Rupert
 11282 | D:15     | Quit the game

Illustrated notes

Levels and vault maps discovered:
D:1:      lemuel_arrival_cross, layout_loops_cross
D:2:      layout_basic, fedhas_altar_4, overflow_temple_1_default
D:3:      layout_loops_cross, serial_glass, glass_columns_b, glass_columns_a
D:4:      layout_basic, minmay_temple_entry_statues_pillars, serial_shops,
          shop_statue, nicolae_gozag_cash_rules_everything_around_me
D:5:      layout_cave_pools, okawaru_ov_weapons_minmay, sigmund_army
D:6:      layout_loops_ring, lemuel_round_altar, uniq_menkaure
D:7:      layout_gridville, kennysheep_mini, hex_large
D:8:      layout_basic, nicolae_ru_great_annihilating_truth, david_lair_generic,
          serial_shops, shop
D:9:      layout_roguey [special_room_bee], tgw_sif, orc_0_dummy,
          doesnt_xom_only_xom, uniq_erica
D:10:     layout_loops_cross
D:11:     layout_irregular_city
D:12:     layout_loops_cross, serial_shops, nicolae_shop_window_shopping,
          enter_trove_5, jmf_multi_god_temple2
D:13:     hangedman_screamer, layout_basic, chequers_serial_rivers_large_a,
          minmay_nine_imps
D:14:     layout_roguey, hangedman_vaults_entry_quadrant_bands, uniq_snorg,
          uniq_frances, uniq_nessos
D:15:     gammafunk_depths_entry_grave, layout_long_grid, minmay_crystal_water,
          chequers_serial_rivers_micro_e, minmay_misc_feat_ornament,
          nrook_guardian_serpent_double, uniq_rupert
Temple:   minmay_freezing_vapour_temple

Skill      XL: |  1  2  3  4  5  6  7  8  9 10 11 12 13 14 |
---------------+-------------------------------------------+-----
Fighting       | 3 4 5 6 7 8 9 10 12 | 12.8
Axes           | 3 4 5 7 8 9 11 12 14 | 14.7
Shields        | 4 5 6 |  6.6
Armour         | 4 5 6 7 8 9 10 11 | 11.2
Dodging        | 2 5 6 |  6.0
Invocations    | 2 4 5 7 9 10 11 | 11.5
Evocations     | 2 4 5 7 9 10 | 10.0

Action                   |  1- 3 |  4- 6 |  7- 9 | 10-12 | 13-15 || total
-------------------------+-------+-------+-------+-------+-------++-------
Melee: War axe           |   117 |   153 |   384 |   479 |       ||  1133
       Broad axe         |       |       |       |   564 |   607 ||  1171
Invok: Lesser Servant of |       |       |       |     5 |    15 ||    20
       Greater Servant o |       |       |       |       |     1 ||     1
 Abil: Heal Wounds       |     3 |     3 |    12 |    21 |    35 ||    74
Evoke: Wand              |       |       |       |       |    14 ||    14
  Use: Scroll            |       |    10 |       |    12 |     3 ||    25
       Potion            |       |     1 |     1 |     2 |     3 ||     7
 Stab: Paralysed         |       |       |       |     2 |       ||     2
       Invisible         |       |       |       |     1 |       ||     1
       Distracted        |       |       |       |     4 |     6 ||    10
Armor: Scale mail        |    63 |    67 |    19 |       |       ||   149
       Plate armour      |       |       |   181 |   822 |   525 ||  1528
Dodge: Dodged            |    33 |    27 |    63 |   231 |   255 ||   609
Block: Kite shield       |    47 |       |       |       |       ||    47
       Tower shield      |    29 |   145 |   320 |  1050 |   646 ||  2190

Table legend: (Time is in decaauts)
 A = Elapsed time spent in this place.
 B = Non-inter-level travel time spent in this place.
 C = Inter-level travel time spent in this place.
 D = Time resting spent in this place.
 E = Time spent auto-exploring this place.
 F = Levels seen in this place.
 G = Mean time per level.
                   A        B        C        D        E       F      G
               +--------+--------+--------+--------+--------+-----+--------+
         Total |  11783 |  11296 |    487 |      0 |   7149 |  16 |  736.4 |
       Dungeon |  11768 |  11285 |    483 |      0 |   7139 |  15 |  784.5 |
        Temple |     15 |     11 |      4 |      0 |     10 |   1 |   15.0 |
               +--------+--------+--------+--------+--------+-----+--------+

Top non-repeatable levels by time:
     D:8: 1432 daAuts
    D:13: 1264 daAuts
    D:14: 944 daAuts
     D:4: 939 daAuts
     D:7: 905 daAuts
    D:11: 868 daAuts
     D:9: 860 daAuts
     D:6: 858 daAuts
    D:12: 799 daAuts
    D:10: 688 daAuts
    D:15: 563 daAuts
     D:5: 472 daAuts
     D:1: 424 daAuts
     D:3: 379 daAuts
     D:2: 365 daAuts
